 Dungeon Crawl Stone Soup version 0.18-a0-1413-g4eaa9ac (webtiles) character file.

34185 kroki the Severer (level 13, -5/141 HPs)
             Began as a Minotaur Wanderer on Feb 25, 2016.
             Was a High Priest of Makhleb.
             Slain by Kirke (16 damage)
             ... while paralysed by a sphinx
             ... on level 5 of the Lair of Beasts.
             The game lasted 00:16:22 (21667 turns).

kroki the Severer (Minotaur Wanderer)              Turns: 21667, Time: 00:16:23

Health: -5/141     AC:  0    Str: 18    XL:     13   Next: 40%
Magic:  19/19      EV:  5    Int:  8    God:    Makhleb [*****.]
Gold:   1032       SH:  0    Dex: 15    Spells: 3 memorised, 4 levels left

rFire  . . .     SeeInvis .       - Unarmed
rCold  . . .     Gourm    .     (armour currently unavailable)
rNeg   . . .     Faith    .     (shield currently unavailable)
rPois  .         Spirit   .     (helmet currently unavailable)
rElec  .         Dismiss  .     (cloak currently unavailable)
rCorr  .         Reflect  .     (gloves currently unavailable)
SustAt .         Harm     .     (boots currently unavailable)
MR     .....     Clarity  +     w - amulet of rage {+Rage, !d}
Stlth  +.........               (ring currently unavailable)
                                (ring currently unavailable)

@: paralysed, exhausted, pig-form, slowed, glowing, very quick, not resistant to
hostile enchantments, very unstealthy
A: (retaliatory headbutt), (horns 0), repulsion field 1, clarity, robust 2
a: Minor Destruction, Lesser Servant of Makhleb, Major Destruction, Greater
Servant of Makhleb, Renounce Religion, Evoke Berserk Rage


You were on level 5 of the Lair of Beasts.
You worshipped Makhleb.
Makhleb was extremely pleased with you.
You were not hungry.
You were a filthy swine.
You visited 3 branches of the dungeon, and saw 16 of its levels.
You also visited: Ossuary and Volcano.

You collected 1032 gold pieces.

Inventory:

Hand Weapons
 L - the +1 executioner's axe of the Beginning {chop, rPois Str+8 Dex-3 Stlth+}
   (You acquired it on level 7 of the Dungeon)

   It inflicts extra damage upon your enemies.
   It affects your strength (+8).
   It affects your dexterity (-3).
   It protects you from poison.
   It makes you more stealthy.
 O - a +3 executioner's axe of freezing (melded)
   (You acquired it on level 8 of the Dungeon)
Missiles
 q - a throwing net {=f, !d}
 S - 4 curare-tipped needles
Armour
 c - a +0 ring mail of fire resistance
   (You found it in a volcano)
 B - a +0 pair of gloves (melded)
   (You found it on level 10 of the Dungeon)
 P - a +0 cloak (melded)
   (You found it on level 7 of the Dungeon)
 T - a +0 plate armour (melded)
   (You took it off an orc warrior on level 8 of the Dungeon)
 X - the +2 pair of boots of the Assassin (melded) {DetectMon Stab+ Stlth++}
   (You found it on level 9 of the Dungeon)

   It makes you much more stealthy.
Jewellery
 a - an uncursed ring of ice {rC+, rF-}
   (You found it on level 10 of the Dungeon)
 n - an uncursed amulet of magic regeneration
   (You found it on level 1 of the Lair of Beasts)
 u - the ring "Tiodacze" {rCorr rN+ Int+8 Dex-3 Stlth+}
   (You found it on level 2 of the Lair of Beasts)

   [ring of resist corrosion]

   It affects your intelligence (+8).
   It affects your dexterity (-3).
   It protects you from negative energy.
   It makes you more stealthy.
 w - an amulet of rage (around neck) {+Rage, !d}
   (You found it on level 5 of the Dungeon)
 Y - a +3 ring of dexterity (melded)
   (You found it on level 3 of the Lair of Beasts)
Wands
 s - a wand of paralysis (17/24)
   (You found it on level 4 of the Lair of Beasts)
 D - a wand of paralysis (7/24)
   (You took it off Eustachio on level 6 of the Dungeon)
 F - a wand of acid (8/15)
   (You found it on level 3 of the Lair of Beasts)
 K - a wand of acid (3/15)
   (You found it on level 7 of the Dungeon)
 N - a wand of iceblast (5/15)
   (You found it on level 7 of the Dungeon)
 W - a wand of paralysis (8/24)
   (You found it on level 10 of the Dungeon)
 Z - a wand of disintegration (13/24)
   (You found it on level 10 of the Dungeon)
Scrolls
 b - a scroll of fog
 e - a scroll of holy word {unknown}
 i - 5 scrolls of identify
 v - 14 scrolls of remove curse
 x - a scroll of teleportation
 y - a scroll of recharging
 A - 2 scrolls of fear
 E - 2 scrolls of enchant armour
 G - 3 scrolls of immolation {!r}
 I - a scroll of magic mapping {!r}
 R - 2 scrolls of amnesia
Potions
 d - 3 potions of brilliance
 f - a potion of berserk rage {unknown}
 h - 3 potions of mutation {!q}
 o - 2 potions of cure mutation {!q}
 p - 5 potions of curing
 r - 3 potions of haste
 t - 3 potions of resistance
 J - 2 potions of ambrosia {!q}
 M - a potion of lignification {!q}
 Q - 4 potions of invisibility
 U - a potion of agility
Books
 H - a book of Death
   (You found it on level 5 of the Lair of Beasts)
Miscellaneous
 j - a stone of tremors
   (You found it on level 3 of the Lair of Beasts)
 l - a sack of spiders
   (You found it on level 3 of the Lair of Beasts)
Comestibles
 g - 4 bread rations {@e1}
 k - 32 fruits
 m - a meat ration {@e2}
 z - 5 slices of pizza
 C - 9 royal jellies
 V - a beef jerky


   Skills:
 + Level 12.3 Fighting
 * Level 15.5(15.8) Axes
   Level 4.8(11.4) Maces & Flails
 + Level 11.2 Armour
 - Level 1.5 Stealth
   Level 1.2 Shields
 - Level 2.1 Unarmed Combat
 * Level 9.8 Invocations
 - Level 7.0 Evocations


You had 4 spell levels left.
You knew the following spells:

 Your Spells              Type           Power        Failure   Level  Hunger
r - Regeneration          Chrm/Necr      #.........   95%         3    ####...
z - Spectral Weapon       Hex/Chrm       #.......     95%         3    ####...
S - Song of Slaying       Chrm           #.......     69%         2    ###....


Dungeon Overview and Level Annotations

Branches:
Dungeon (10/15)            Temple (1/1) D:6            Lair (5/8) D:10
 Shoals (0/4) Lair:5
  Snake: Lair:3-6    Spider: Lair:3-6       Orc: D:9-12

Altars:
Cheibriados
Elyvilon
Fedhas
Kikubaaqudgha
Makhleb
Nemelex Xobeh
Okawaru
Pakellas
Qazlal
Ru
Sif Muna
Trog
Vehumet
Xom
Yredelemnul
Zin
The Shining One

Annotations:
D:10 exclusion: obsidian statue
Lair:5 Kirke


Innate Abilities, Weirdness & Mutations

((You reflexively headbutt those who attack you in melee.))
((You have a pair of horns on your head.))
You are surrounded by a mild repulsion field (EV +2).
You possess an exceptional clarity of mind.
You are very robust (+20% HP).


Message History

The hog bites you.
There are monsters nearby!
You slash the hog! You freeze the hog.
You kill the hog!
Makhleb accepts your kill.
You feel better. The hog bites you.
A hog is nearby!
You closely miss the hog. The hog barely misses you.
A hog is nearby!
You completely miss the hog. You headbutt the hog, but do no damage.
The hog bites you but does no damage. x2
A hog is nearby!
You closely miss the hog. The hog bites you but does no damage.
The hog bites you.
A hog is nearby!
You slash the hog! You freeze the hog. You headbutt the hog!
The hog bites you but does no damage.
A hog is nearby!
You slice the hog!! You freeze the hog.
You kill the hog!
Makhleb accepts your kill.
You feel better.
Kirke, Weaver of Myths comes into view.
Kirke shouts!
Kirke points at you and mumbles some strange words.
You feel yourself slow down.
A hog comes into view.
There are monsters nearby!
Kirke shouts, "You pig!
I'll make you look the way you deserve."
A black mamba comes into view.
Unknown command.
The black mamba hisses angrily.
A hog is nearby!
You slash the hog! You freeze the hog. The hog bites you but does no damage.
The hog closely misses you.
You closely miss the hog. You headbutt the hog!
The hog bites you but does no damage. x2; The hog barely misses you.
You slice the hog!! You freeze the hog.
You kill the hog!
Makhleb accepts your kill.
You fail to use your ability.
Kirke hits you but does no damage. x2
A red film seems to cover your vision as you go berserk!
You feel yourself moving faster!
You feel mighty! Kirke casts a spell at you.
You turn into a filthy swine.
Your +3 executioner's axe of freezing melds into your body.
Your +0 cloak melds into your body.
Your +0 pair of gloves melds into your body.
The +2 pair of boots of the Assassin {DetectMon Stab+ Stlth++} melds into your body.
Your +0 plate armour melds into your body.
Your +3 ring of dexterity melds into your body.
Your +3 executioner's axe of freezing stops glowing.
You feel clumsy.
You now have 211/211 hp.
You closely miss Kirke.
Kirke gestures wildly while chanting.
Kirke summons a sphinx!
You closely miss Kirke. Kirke hits you! The sphinx closely misses you.
The sphinx barely misses you. x2
You take 9 damage, and have 202/211 hp.
You closely miss Kirke. Kirke hits you! The sphinx hits you!!
The sphinx hits you. The sphinx hits you!
You take 50 damage, and have 152/211 hp.
MASSIVE DAMAGE!!
You barely miss Kirke. Kirke hits you.
The sphinx mumbles some strange words.
You struggle to resist.
You take 1 damage, and have 151/211 hp.
You closely miss Kirke. Kirke gestures at you while chanting.
You are outlined in light.
The sphinx hits you! The sphinx hits you. The sphinx hits you!
You take 23 damage, and have 128/211 hp.
Unknown command.
You feel a strong urge to attack something.
You are no longer berserk.
You are exhausted.
You feel as though you will be slow longer.
You now have 86/141 hp.
Unknown command.
The sphinx mumbles some strange words.
You suddenly lose the ability to move!
Kirke casts a spell at you.
You feel a momentary urge to oink. The black mamba bites you!
A hog comes into view.
The sphinx hits you. The sphinx hits you! x2
Kirke points at you and mumbles some strange words.
You feel a momentary urge to oink. The black mamba bites you!
The black mamba bites you!
* * * LOW HITPOINT WARNING * * *
The sphinx hits you!
* * * LOW HITPOINT WARNING * * *
The sphinx barely misses you. The sphinx hits you.
* * * LOW HITPOINT WARNING * * *
The black mamba bites you!
* * * LOW HITPOINT WARNING * * *
Kirke hits you!
You die...

..........(......
#...........#.........
P....................
#[.............###...
#.............## ##..
#............## ##.
#P.........P# ##
#..........# #
##.hH.......#
#P.@Sh......#
##.........##
#...#.....##
...!).###..P#.# ......
#.###### #.......##
####..{# #.#S


You could see Kirke, a sphinx, a black mamba and a hog.

Vanquished Creatures
  5 hydras
  The ghost of Dirian the Protected, a novice MiFi (D:6)
  Nergalle (D:10)
  An unseen horror (D:10)
  A lindwurm (Volcano)
  The ghost of Amnesiac the Transmogrifier, a novice OpTm of Ru (D:8)
  A manticore (Lair:5)
  2 griffons
  3 black mambas
  2 molten gargoyles (Volcano)
  10 spiny frogs
  3 komodo dragons
  A rime drake (Lair:3)
  A queen bee (Lair:5)
  2 trolls (D:9)
  2 two-headed ogres (D:10)
  5 polar bears
  Prince Ribbit (D:6)
  A spriggan (D:7)
  20 yaks
  10 fire bats
  Eustachio (D:6)
  3 hogs (Lair:5)
  4 basilisks
  12 hippogriffs
  9 wolves
  3 mottled dragons (Volcano)
  10 water moccasins
  14 porcupines
  3 orc warriors
  4 sky beasts
  A phantom (D:9)
  3 black bears
  2 necrophages
  7 ogres
  2 centaurs
  8 crocodiles
  3 big kobolds
  8 giant frogs
  A wyvern skeleton (D:9)
  2 scorpions
  32 killer bees
  5 wights (D:8)
  An electric eel (Lair:3)
  3 centaur zombies
  8 crimson imps
  3 jellies
  A lava snake (Volcano)
  A human zombie (Ossuary)
  9 hounds
  4 orc wizards
  3 orc priests (D:10)
  A giant frog skeleton (D:6)
  Jessica (D:2)
  Natasha (D:2)
  14 iguanas
  5 worker ants
  21 sheep
  A big kobold zombie (Ossuary)
  2 hound skeletons
  4 mummies (Ossuary)
  A howler monkey zombie (D:6)
  Robin (D:4)
  7 gnolls
  8 adders
  26 river rats
  2 shadow imps
  An adder skeleton (D:9)
  An adder zombie (D:8)
  3 giant geckos
  16 orcs
  2 ball pythons
  4 giant cockroaches
  2 gnoll zombies (Ossuary)
  13 goblins
  10 hobgoblins
  6 jackals
  21 kobolds
  3 quokkas
  5 bats
  2 giant cockroach zombies (D:5)
  A giant gecko zombie (D:7)
  3 giant newts
  2 hobgoblin zombies (Ossuary)
  A jackal skeleton (D:8)
  A kobold zombie (Ossuary)
  A quokka skeleton (D:4)
  5 rats
  3 fungi
  4 plants
449 creatures vanquished.

Vanquished Creatures (collateral kills)
  Urug (Lair:4)
  A spiny frog (Lair:5)
  A wyvern (Lair:5)
  A water moccasin (Lair:5)
4 creatures vanquished.

Vanquished Creatures (others)
  3 fungi
3 creatures vanquished.

Grand Total: 456 creatures vanquished

Notes
Turn   | Place    | Note
--------------------------------------------------------------
     0 | D:1      | kroki the Minotaur Wanderer began the quest for the Orb.
     0 | D:1      | kroki set off with: a +2 mace, a +0 hand crossbow, 28 bolts, a potion of curing, a +0 robe, a +0 dagger, a bread ration {@e1}
     0 | D:1      | Reached XP level 1. HP: 16/16 MP: 0/0
   118 | D:1      | Reached skill level 2 in Fighting
   499 | D:1      | Reached XP level 2. HP: 25/25 MP: 1/1
   974 | D:2      | Reached skill level 3 in Fighting
  1505 | D:2      | Reached XP level 3. HP: 30/33 MP: 2/2
  1691 | D:2      | Noticed Jessica
  1701 | D:2      | Killed Jessica
  1701 | D:2      | Reached skill level 4 in Fighting
  1821 | D:2      | Reached XP level 4. HP: 41/41 MP: 3/3
  1848 | D:2      | Noticed Natasha
  1863 | D:2      | Killed Natasha
  1863 | D:2      | Reached skill level 5 in Fighting
  2108 | D:3      | Found a faded altar to an unknown god.
  2915 | D:4      | Noticed an ogre
  2931 | D:4      | Reached skill level 6 in Fighting
  2931 | D:4      | Reached XP level 5. HP: 27/50 MP: 4/4
  2972 | D:4      | Found a sand-covered staircase.
  2972 | D:4      | HP: 11/50 [ogre/giant club (5)]
  2977 | Ossuary  | Entered an ossuary
  3346 | Ossuary  | Reached skill level 1 in Axes
  3348 | Ossuary  | HP: 4/50 [mummy (14)]
  3353 | Ossuary  | HP: 9/51 [mummy (5)]
  3877 | Ossuary  | Reached skill level 2 in Axes
  3985 | Ossuary  | Reached XP level 6. HP: 52/58 MP: 5/5
  4030 | Ossuary  | Reached skill level 3 in Axes
  4133 | D:4      | HP: 14/58 [ogre/giant club (18)]
  4151 | D:4      | Reached skill level 7 in Fighting
  4151 | D:4      | Reached skill level 4 in Axes
  4538 | D:4      | Reached skill level 1 in Armour
  4547 | D:4      | Noticed Robin
  4555 | D:4      | Killed Robin
  5046 | D:4      | Reached skill level 5 in Axes
  5046 | D:4      | Reached XP level 7. HP: 59/66 MP: 6/6
  5349 | D:4      | Reached skill level 2 in Armour
  5425 | D:4      | Gained mutation: You are surrounded by a mild repulsion field (EV +2). [potion of mutation]
  5425 | D:4      | Gained mutation: You possess an exceptional clarity of mind. [potion of mutation]
  5425 | D:4      | Gained mutation: You are robust (+10% HP). [potion of mutation]
  5426 | D:4      | Gained mutation: You are very robust (+20% HP). [potion of mutation]
  5426 | D:4      | Gained mutation: Your spells are a little easier to cast, but a little less powerful. [potion of mutation]
  5426 | D:4      | Lost mutation: Your spells are a little easier to cast, but a little less powerful. [potion of mutation]
  5524 | D:5      | Entered Level 5 of the Dungeon
  5912 | D:5      | Reached skill level 6 in Axes
  6001 | D:5      | Reached skill level 3 in Armour
  6557 | D:6      | Noticed Dirian's ghost (novice MiFi)
  6572 | D:6      | Killed Dirian's ghost
  6572 | D:6      | Reached skill level 8 in Fighting
  6572 | D:6      | Reached skill level 7 in Axes
  6572 | D:6      | Reached skill level 4 in Armour
  6572 | D:6      | Reached skill level 2 in Evocations
  6572 | D:6      | Reached XP level 8. HP: 56/88 MP: 6/9
  6578 | D:6      | HP: 21/88 [poisoned by Dirian's ghost]
  6583 | D:6      | HP: 11/88 [poisoned by Dirian's ghost]
  6588 | D:6      | HP: 6/88 [poisoned by Dirian's ghost]
  6593 | D:6      | HP: 4/88 [poisoned by Dirian's ghost]
  6600 | D:6      | HP: 3/88 [poisoned by Dirian's ghost]
  6607 | D:6      | HP: 3/88 [poisoned by Dirian's ghost]
  7193 | D:6      | Reached skill level 3 in Evocations
  7216 | D:6      | Noticed Eustachio
  7218 | D:6      | Paralysed by Eustachio for 6 turns
  7230 | D:6      | Paralysed by Eustachio for 6 turns
  7238 | D:6      | Killed Eustachio
  7338 | D:6      | Reached skill level 8 in Axes
  7490 | D:6      | Noticed Prince Ribbit
  7501 | D:6      | Killed Prince Ribbit
  7501 | D:6      | Reached skill level 5 in Armour
  7501 | D:6      | Reached XP level 9. HP: 95/98 MP: 10/10
  7577 | D:6      | Reached skill level 4 in Evocations
  7841 | D:6      | Found a staircase to the Ecumenical Temple.
  7948 | Temple   | Entered the Ecumenical Temple
  7959 | Temple   | Became a worshipper of Makhleb the Destroyer
  8212 | D:7      | Reached skill level 9 in Axes
  8863 | D:7      | Found a radiant altar of Vehumet.
  8865 | D:7      | Found an oddly glowing altar of Pakellas.
  9182 | D:7      | Found a sacrificial altar of Ru.
  9182 | D:7      | Found a glowing silver altar of Zin.
  9182 | D:7      | Found an iron altar of Okawaru.
  9184 | D:7      | Found a blossoming altar of Fedhas.
  9186 | D:7      | Found a stormy altar of Qazlal.
  9190 | D:7      | Found a glowing golden altar of the Shining One.
  9311 | D:7      | Reached skill level 5 in Evocations
  9358 | D:7      | Identified a scroll of acquirement
  9359 | D:7      | Got a dazzling executioner's axe
  9360 | D:7      | Identified the +1 executioner's axe of the Beginning {chop, rPois Str+8 Dex-3 Stlth+} (You acquired it on level 7 of the Dungeon)
  9429 | D:8      | Noticed Amnesiac's ghost (novice OpTm)
  9444 | D:8      | Killed Amnesiac's ghost
  9444 | D:8      | Reached skill level 9 in Fighting
  9444 | D:8      | Reached skill level 6 in Armour
  9762 | D:8      | Reached skill level 10 in Axes
  9824 | D:8      | Reached * piety under Makhleb
 10019 | D:8      | Reached XP level 10. HP: 109/109 MP: 13/13
 10187 | D:8      | Reached skill level 6 in Evocations
 10862 | D:9      | Reached skill level 7 in Armour
 10867 | D:9      | Reached ** piety under Makhleb
 11205 | D:9      | Reached skill level 11 in Axes
 11472 | D:9      | Reached skill level 7 in Evocations
 11680 | D:9      | Reached *** piety under Makhleb
 11788 | D:9      | Reached skill level 2 in Invocations
 11859 | D:10     | Entered Level 10 of the Dungeon
 11859 | D:10     | Found a shimmering altar of Xom.
 11875 | D:10     | Reached skill level 3 in Invocations
 11887 | D:10     | Reached skill level 4 in Invocations
 12129 | D:10     | Got a bloodstained scale mail
 12232 | D:10     | Reached skill level 5 in Invocations
 12294 | D:10     | Reached **** piety under Makhleb
 12295 | D:10     | Reached XP level 11. HP: 78/118 MP: 15/15
 12300 | D:10     | Reached skill level 10 in Fighting
 12552 | D:10     | Found a staircase to the Lair.
 12716 | D:10     | Reached skill level 8 in Armour
 12863 | D:10     | Identified the cursed +1 scale mail of Instinct {Int+3 Dex+5} (You found it on level 10 of the Dungeon)
 12904 | D:10     | Noticed Nergalle
 12922 | D:10     | Killed Nergalle
 12922 | D:10     | Killed an unseen horror
 12922 | D:10     | Reached skill level 12 in Axes
 12969 | D:10     | Noticed an obsidian statue
 12971 | D:10     | Noticed a soul eater
 13178 | Lair:1   | Entered Level 1 of the Lair of Beasts
 13366 | Lair:1   | Reached ***** piety under Makhleb
 13587 | Lair:1   | Noticed a griffon
 13596 | Lair:1   | Killed a griffon
 13929 | Lair:1   | Noticed an eight-headed hydra
 13940 | Lair:1   | Killed a 13-headed hydra
 13940 | Lair:1   | Reached skill level 9 in Armour
 13945 | Lair:1   | Reached skill level 6 in Invocations
 14060 | Lair:1   | Reached skill level 13 in Axes
 14942 | Lair:2   | You fall through a shaft!
 14954 | Lair:3   | Reached XP level 12. HP: 127/129 MP: 16/16
 14955 | Lair:3   | Reached skill level 11 in Fighting
 14956 | Lair:3   | Noticed a five-headed hydra
 15037 | Lair:2   | Found a dark tunnel.
 15046 | Volcano  | Entered a volcano
 15598 | Volcano  | Found a burning altar of Makhleb.
 15604 | Volcano  | Reached skill level 7 in Invocations
 17208 | Lair:2   | Got a glittering iron ring
 17374 | Lair:2   | Reached skill level 14 in Axes
 17378 | Lair:2   | Reached skill level 10 in Armour
 17901 | Lair:2   | Identified the ring "Tiodacze" {rCorr rN+ Int+8 Dex-3 Stlth+} (You found it on level 2 of the Lair of Beasts)
 17908 | Lair:2   | Learned a level 2 spell: Song of Slaying
 17912 | Lair:2   | Learned a level 3 spell: Spectral Weapon
 17916 | Lair:2   | Learned a level 3 spell: Regeneration
 18180 | Lair:3   | Reached skill level 8 in Invocations
 18441 | Lair:3   | Killed an eight-headed hydra
 18953 | Lair:3   | Reached ****** piety under Makhleb
 19427 | Lair:4   | Noticed a four-headed hydra
 19439 | Lair:4   | Killed a six-headed hydra
 19626 | Lair:4   | Reached skill level 9 in Invocations
 19677 | Lair:4   | Reached XP level 13. HP: 123/140 MP: 18/18
 19930 | Lair:4   | Reached skill level 12 in Fighting
 19955 | Lair:4   | Noticed Urug
 19958 | Lair:4   | Reached skill level 15 in Axes
 19968 | Lair:4   | Killed Urug
 20438 | Lair:4   | Reached skill level 11 in Armour
 21288 | Lair:5   | HP: 35/141 [poisoned by a water moccasin]
 21293 | Lair:5   | HP: 27/141 [poisoned by a water moccasin]
 21299 | Lair:5   | HP: 22/141 [poisoned by a water moccasin]
 21300 | Lair:5   | Found a staircase to the Shoals.
 21301 | Lair:5   | HP: 6/141 [manticore/volley of spikes (11)]
 21647 | Lair:5   | Noticed Kirke
 21658 | Lair:5   | Noticed a sphinx
 21664 | Lair:5   | Paralysed by a sphinx for 5 turns
 21667 | Lair:5   | HP: 29/141 [sphinx[Kirke] (8)]
 21667 | Lair:5   | HP: 11/141 [black mamba (12)]
 21667 | Lair:5   | Slain by Kirke

Vault maps used:
D:1:      matt_arrival_refuge
D:2:      first_bread, uniq_jessica, uniq_natasha
D:3:      ecumenical_altar_2
D:4:      nicolae_ossuary_entry_false_entrances, uniq_robin
D:6:      minmay_temple_entry_poolview, uniq_eustachio, uniq_prince_ribbit1
D:7:      minitemple, the_bakery
D:8:      minmay_crystal_room
D:10:     minmay_statue_hallways, minmay_lair_entry_grove, basic_altar,
          minmay_orc_keep, uniq_nergalle
Temple:   circular_temple_12
Lair:1:   beast_lair_carwin_2, infiniplex_staircase_pool_2
Lair:2:   nicolae_volcano_entry_batcave, lemuel_fruit_tree
Lair:3:   gammafunk_lair_bear_cave, grunt_forest_large_clearings
Lair:4:   grunt_forest_stairs_basic, uniq_urug
Lair:5:   minmay_shoals_entry_beasts, dummy_snake_entry, special_room,
          uniq_kirke
Ossuary:  ossuary_crypta
Volcano:  volcano_lake

Skill      XL: |  1  2  3  4  5  6  7  8  9 10 11 12 13 |
---------------+----------------------------------------+-----
Fighting       | 2 3 4 6 7 8 9 10 11 12 | 12.3
Axes           | 2 5 7 8 10 11 13 14 15 | 15.5
Armour         | 1 4 5 6 7 9 10 11 | 11.2
Evocations     | 2 3 5 7 |  7.0
Invocations    | 5 6 9 |  9.8
Maces & Flails | |  4.8
Stealth        | |  1.5
Shields        | |  1.2
Unarmed Combat | |  2.1

Action                   |  1- 3 |  4- 6 |  7- 9 | 10-12 | 13-15 || total
-------------------------+-------+-------+-------+-------+-------++-------
Melee: Mace              |    48 |    44 |       |       |       ||    92
       War axe           |       |   122 |   148 |       |       ||   270
       Executioner's axe |       |       |    28 |   530 |   101 ||   659
       Unarmed           |       |       |       |       |     5 ||     5
Throw: Tomahawk          |       |    37 |   116 |   119 |       ||   272
Invok: Lesser Servant of |       |       |       |       |     7 ||     7
 Abil: Evoke Berserk Rag |       |       |     3 |    10 |     4 ||    17
Evoke: Wand              |       |       |     1 |       |       ||     1
  Use: Scroll            |       |     8 |    11 |     9 |     1 ||    29
       Potion            |       |     8 |     2 |       |     2 ||    12
 Stab: Invisible         |       |     1 |       |       |       ||     1
       Paralysed         |       |       |     3 |       |       ||     3
  Eat: Meat ration       |     1 |     2 |     1 |     3 |       ||     7
       Bread ration      |       |       |     3 |     3 |     2 ||     8
       Chunk             |       |       |       |     5 |       ||     5
       Beef jerky        |       |       |       |     1 |     1 ||     2
       Pizza             |       |       |       |     1 |       ||     1

Vault maps used:
D:1:      matt_arrival_refuge
D:2:      first_bread, uniq_jessica, uniq_natasha
D:3:      ecumenical_altar_2
D:4:      nicolae_ossuary_entry_false_entrances, uniq_robin
D:6:      minmay_temple_entry_poolview, uniq_eustachio, uniq_prince_ribbit1
D:7:      minitemple, the_bakery
D:8:      minmay_crystal_room
D:10:     minmay_statue_hallways, minmay_lair_entry_grove, basic_altar,
          minmay_orc_keep, uniq_nergalle
Temple:   circular_temple_12
Lair:1:   beast_lair_carwin_2, infiniplex_staircase_pool_2
Lair:2:   nicolae_volcano_entry_batcave, lemuel_fruit_tree
Lair:3:   gammafunk_lair_bear_cave, grunt_forest_large_clearings
Lair:4:   grunt_forest_stairs_basic, uniq_urug
Lair:5:   minmay_shoals_entry_beasts, dummy_snake_entry, special_room,
          uniq_kirke
Ossuary:  ossuary_crypta
Volcano:  volcano_lake

Table legend:
 A = Turns spent in this place as a percentage of turns spent in the entire game.
 B = Non-inter-level travel turns spent in this place as a percentage of non-inter-level travel turns spent in the entire game.
 C = Inter-level travel turns spent in this place as a percentage of turns spent in this place.
 D = Turns resting spent in this place as a percentage of non-inter-level travel turns spent in this place.
 E = Turns spent auto-exploring this place as a percentage of non-inter-level travel turns spent in this place.
 F = Non-inter-level travel turns spent in this place divided by the number of levels of this place that you've seen.
                   A       B       C       D       E      F
               +-------+-------+-------+-------+-------+----------------------
         Total | 100.0 | 100.0 |   0.4 |   2.1 |  12.4 | 366.4
       Dungeon |  53.8 |  53.7 |   0.6 |   1.5 |  14.9 | 354.3
        Temple |   0.1 |   0.1 |  33.3 |   0.0 |  25.0 |   4.0
          Lair |  36.1 |  36.1 |   0.2 |   1.9 |   9.6 | 476.8
       Ossuary |   3.5 |   3.5 |   0.0 |   6.4 |  19.3 | 233.0
       Volcano |   6.5 |   6.5 |   0.0 |   6.0 |   3.5 | 432.0
               +-------+-------+-------+-------+-------+----------------------

Table legend:
 A = Kills in this place as a percentage of kills in entire the game.
 B = Kills by you in this place as a percentage of kills by you in the entire game.
 C = Kills by friends in this place as a percentage of kills by friends in the entire game.
 D = Other kills in this place as a percentage of other kills in the entire game.
 E = Experience gained in this place as a percentage of experience gained in the entire game.
 F = Experience gained in this place divided by the number of levels of this place that you have seen.
                   A       B       C       D       E      F
               +-------+-------+-------+-------+-------+----------------------
         Total | 100.0 | 100.0 | 100.0 |  -nan | 100.0 | 2713.1
       Dungeon |  54.3 |  54.8 |   0.0 |  -nan |  29.0 | 1414.0
          Lair |  39.9 |  39.4 | 100.0 |  -nan |  63.6 | 6207.6
       Ossuary |   2.7 |   2.7 |   0.0 |  -nan |   0.4 | 197.0
       Volcano |   3.1 |   3.2 |   0.0 |  -nan |   7.1 | 3461.0
               +-------+-------+-------+-------+-------+----------------------
